 Dungeon Crawl Stone Soup version 0.26.1-2-gb8aa6d0cf2 (webtiles) character file.

Game seed: 14267407547994803486

135 Riddle the Poker (level 5, 22/42 HPs)
             Began as a Merfolk Gladiator on Mar 21, 2021.
             Quit the game on level 2 of the Dungeon.
             The game lasted 00:02:15 (1927 turns).

Riddle the Poker (Merfolk Gladiator)                Turns: 1927, Time: 00:02:16

Health: 22/42      AC:  4    Str: 15    XL:     5   Next: 18%
Magic:  3/5        EV: 15    Int:  7    God:
Gold:   106        SH:  0    Dex: 16    Spells: 4/4 levels left

rFire    . . .     SeeInvis .   a - +0 trident
rCold    . . .     Faith    .   (no shield)
rNeg     . . .     Spirit   +   b - +0 leather armour
rPois    .         Reflect  .   c - +0 helmet
rElec    .         Harm     .   (no cloak)
rCorr    .         Rampage  .   (no gloves)
Will     .....                  (no boots)
Stlth    +.........             i - amulet of guardian spirit
HPRegen  0.14/turn              n - -4 ring of slaying (curse)
MPRegen  0.09/turn              o - +4 ring of slaying

@: no status effects
A: change form in water, swift swim, stealthy swim
a: no special abilities


You were on level 2 of the Dungeon.
You visited 1 branch of the dungeon, and saw 2 of its levels.

You collected 106 gold pieces.

Inventory:

Hand Weapons
 a - a +0 trident (weapon)
Missiles
 d - 3 throwing nets (quivered)
Armour
 b - a +0 leather armour (worn)
 c - a +0 helmet (worn)
Jewellery
 i - an amulet of guardian spirit (around neck)
 n - a cursed -4 ring of slaying (left hand)
 o - a +4 ring of slaying (right hand)
Scrolls
 f - 3 scrolls of teleportation
 p - a scroll of magic mapping {unknown}
 q - a scroll of blinking {unknown}
Potions
 e - a potion of heal wounds {unknown}
 g - a potion of brilliance {unknown}
 h - a potion of might {unknown}
 j - a potion of magic {unknown}
 k - a potion of cancellation {unknown}
 l - a potion of mutation {unknown}
 m - a potion of attraction {unknown}


   Skills:
 + Level 3.7 Fighting
 + Level 6.0 Polearms
 - Level 2.0 Throwing
 + Level 5.4 Dodging


You had 4 spell levels left.
You didn't know any spells.
Your spell library was empty.

Dungeon Overview and Level Annotations

Branches:
Dungeon (2/15)

Altars:
Elyvilon
Sif Muna
Uskayaw
Yredelemnul


Message History

The orc is heavily wounded.
The orc hits you with a +0 dagger.
You puncture the orc!
You kill the orc!
Your Polearms skill increases to level 6!
You puncture the orc!
You kill the orc!
Items here: )) [[.
There is an open door, spattered with blood here.
Things that are here:
a +0 leather armour; 2 stones
Things that are here:
a +0 dagger; a +0 robe; an orc corpse
There is an open door, spattered with blood here.
Things that are here:
a +0 leather armour; 2 stones
Items here: )) [[.
Search for what [? for help]? templ Can't find anything matching that.
Are you sure you want to abandon this character and quit the game? (Confirm with "yes".)

### ######......# #.#
#...........# #.#
.....$).....# #.#
.).....))...# #.#
.......#[#########.#
......o#)####...##.#
..?....#.##........#
.......#.##._.†._..# #
.......#..@........#.#
.......#......⌠......#
.......#.#..........##
#.##._..._.#.#
#............#
######...##.## #..##
.# ##... # #.###


There were no monsters in sight!

Vanquished Creatures
  An orc wizard (D:2)
  2 adders (D:2)
  2 oozes
  3 worms (D:2)
  6 dart slugs
  A leopard gecko (D:1)
  4 orcs (D:2)
  A ball python (D:2)
  7 bats
  2 giant cockroaches
  6 goblins
  3 hobgoblins
  A frilled lizard (D:2)
  10 kobolds
  11 rats
60 creatures vanquished.

Vanquished Creatures (others)
  A bat (D:1)
1 creature vanquished.

Grand Total: 61 creatures vanquished

Notes
Turn   | Place    | Note
-------+----------+-------------------------------------------
     0 | D:1      | Riddle the Merfolk Gladiator began the quest for the Orb.
     0 | D:1      | Reached XP level 1. HP: 16/16 MP: 1/1
   132 | D:1      | Reached XP level 2. HP: 23/23 MP: 2/2
   224 | D:1      | Reached skill level 5 in Polearms
   225 | D:1      | Reached XP level 3. HP: 18/28 MP: 1/3
  1179 | D:2      | Reached XP level 4. HP: 35/35 MP: 4/4
  1335 | D:2      | Reached skill level 5 in Dodging
  1707 | D:2      | Found a faded altar of an unknown god.
  1782 | D:2      | Found a white marble altar of Elyvilon.
  1782 | D:2      | Found a shimmering blue altar of Sif Muna.
  1782 | D:2      | Found a basalt altar of Yredelemnul.
  1783 | D:2      | Found a hide-covered altar of Uskayaw.
  1908 | D:2      | Reached XP level 5. HP: 24/42 MP: 1/5
  1917 | D:2      | Reached skill level 6 in Polearms
  1927 | D:2      | Quit the game

Illustrated notes

Levels and vault maps discovered:
D:1:      dpeg_arrival_rooms_c, layout_rooms, lemuel_another_geyser
D:2:      layout_basic, grunt_temple_overflow_open,
          chequers_ecumenical_altar_island

Skill      XL: |  1  2  3  4  5 |
---------------+----------------+-----
Polearms       | 5 6 |  6.0
Fighting       | 3 |  3.7
Dodging        | 5 |  5.4
Throwing       | |  2.0

Action                   |  1- 3 |  4- 6 || total
-------------------------+-------+-------++-------
Melee: Trident           |   119 |   100 ||   219
  Use: Scroll            |     4 |       ||     4
 Stab: Sleeping          |     2 |     2 ||     4
Armor: Leather armour    |    27 |    11 ||    38
Dodge: Dodged            |   110 |    56 ||   166
